 Dungeon Crawl Stone Soup version 0.21.1-1-g345015fe64 (webtiles) character file.

5831 Naridas the Zephyrmancer (level 10, -1/56 HPs)
             Began as a Tengu Air Elementalist on July 9, 2018.
             Was a Follower of Vehumet.
             Slain by an ice beast (13 damage)
             ... in an ice cave.
             The game lasted 01:10:33 (16751 turns).

Naridas the Zephyrmancer (Tengu Air Elementalist)  Turns: 16751, Time: 01:10:34

Health: -1/56      AC:  6    Str: 10    XL:     10   Next: 80%
Magic:  7/21       EV: 15    Int: 18    God:    Vehumet [*.....]
Gold:   479        SH:  0    Dex: 14    Spells: 5/22 levels left

rFire    + . .     SeeInvis .   t - +2 short sword (venom)
rCold    . . .     Gourm    .   f - +0 buckler
rNeg     . . .     Faith    .   w - +2 leather armour {rF+}
rPois    .         Spirit   .   (helmet restricted)
rElec    .         Reflect  .   i - +0 cloak
rCorr    .         Harm     .   (no gloves)
MR       .....                  (boots unavailable)
Stlth    +.........             (no amulet)
HPRegen  0.18/turn              a - +3 ring of evasion
MPRegen  0.17/turn              (no ring)

@: confused
A: beak, talons 3, able to fly 1
a: Fly, Renounce Religion


You were in an ice cave.
You worshipped Vehumet.
Vehumet was aware of your devotion.
You were not hungry.

You visited 3 branches of the dungeon, and saw 11 of its levels.
You also visited: Sewer, Ossuary and Ice Cave.

You collected 479 gold pieces.

Inventory:

Hand Weapons
 t - a +2 short sword of venom (weapon)
Missiles
 l - a throwing net
 p - 2 tomahawks (quivered)
Armour
 f - a +0 buckler (worn)
 i - a +0 cloak (worn)
 w - a +2 leather armour of fire resistance (worn)
Jewellery
 a - a +3 ring of evasion (left hand)
 G - an uncursed ring of fire
 J - an uncursed ring of ice
Wands
 u - a wand of flame (55)
 M - a wand of scattershot (3)
Scrolls
 d - 9 scrolls of remove curse
 e - 4 scrolls of teleportation
 h - a scroll of enchant armour {unknown}
 m - 3 scrolls of enchant weapon {unknown}
 n - 2 scrolls of immolation {unknown}
 q - 2 scrolls of fog {unknown}
 r - a scroll of blinking
 x - a scroll of fear {unknown}
 y - 2 scrolls of amnesia {unknown}
 A - 2 scrolls of magic mapping {unknown}
 C - 2 scrolls of noise {unknown}
 F - a scroll of random uselessness {unknown}
Potions
 g - 3 potions of flight
 j - 4 potions of mutation
 k - 2 potions of lignification
 o - 7 potions of curing
 s - 5 potions of brilliance
 z - 2 potions of might
 B - a potion of ambrosia
 D - a potion of resistance
 E - a potion of magic {unknown}
 K - a potion of cancellation {unknown}
Books
 b - a book of Air

   Spells                             Type                      Level
   a - Shock                          Conjuration/Air              1
   b - Swiftness                      Charms/Air                   2
   c - Static Discharge               Conjuration/Air              3
   d - Airstrike                      Air                          4
   e - Lightning Bolt                 Conjuration/Air              5
 v - a book of Maledictions

   Spells                             Type                      Level
   a - Corona                         Hexes                        1
   b - Ensorcelled Hibernation        Hexes/Ice                    2
   c - Confuse                        Hexes                        3
   d - Tukima's Dance                 Hexes                        3
   e - Dazzling Spray                 Conjuration/Hexes            3
 L - a book of Necromancy

   Spells                             Type                      Level
   a - Pain                           Necromancy                   1
   b - Animate Skeleton               Necromancy                   1
   c - Vampiric Draining              Necromancy                   3
   d - Regeneration                   Charms/Necromancy            3
   e - Animate Dead                   Necromancy                   4
   f - Borgnjor's Vile Clutch         Necromancy/Earth             5
Comestibles
 c - 6 rations


   Skills:
 - Level 4.0 Fighting
 - Level 4.4 Short Blades
 - Level 4.0 Armour
 - Level 2.7 Dodging
 - Level 2.6 Stealth
 - Level 5.3 Shields
 + Level 6.8 Spellcasting
 - Level 1.5 Conjurations
 - Level 5.6 Hexes
 - Level 4.1 Necromancy
 - Level 9.3 Air Magic


You had 5 spell levels left.
You knew the following spells:

 Your Spells              Type           Power        Failure   Level  Hunger
a - Shock                 Conj/Air       ####         1%          1    None
b - Swiftness             Chrm/Air       ###.....     3%          2    None
c - Airstrike             Air            #####.....   3%          4    ####...
d - Confuse               Hex            ####....     4%          3    ##.....
e - Regeneration          Chrm/Necr      ##........   19%         3    ##.....
f - Animate Skeleton      Necr           N/A          2%          1    None
g - Vampiric Draining     Necr           ###.......   8%          3    ##.....


Dungeon Overview and Level Annotations

Branches:
Dungeon (9/15)             Temple (1/1) D:7            Lair (1/6) D:9
    Orc: D:9-12

Altars:
Ashenzari
Cheibriados
Dithmenos
Elyvilon
Fedhas
Gozag
Hepliaklqana
Kikubaaqudgha
Makhleb
Nemelex Xobeh
Okawaru
Qazlal
Ru
Sif Muna
Trog
Uskayaw
Vehumet
Wu Jian
Xom
Yredelemnul
Zin
The Shining One

Shops:
D:9 :


Innate Abilities, Weirdness & Mutations

You have a beak for a mouth.
You have claws for feet.
You can fly.


Message History

You claw the ice beast, but do no damage.
The ice beast is lightly wounded.
The ice beast hits you but does no damage.
The ice beast misses you.
You closely miss the ice beast. You claw the ice beast.
The ice beast is moderately wounded.
The ice beast misses you. The ice beast hits you. The ice beast freezes you.
The ice beast closely misses you. x2
The ice beast barely misses you.
You hit the ice beast.
You peck the ice beast, but do no damage.
The ice beast is almost dead.
You block the ice beast's attack. The ice beast hits you.
The ice beast freezes you!
* * * LOW HITPOINT WARNING * * *
You are confused.
You feel invigorated. The ice beast misses you. The ice beast hits you.
* * * LOW HITPOINT WARNING * * *
The ice beast freezes you!
You die...

###########
#......Y@.#
#....∩.Y..#
#.........#
#.........#
#....∩....#
##.......##
##.....##
###.### .Y.


You could see 2 ice beasts.

Vanquished Creatures
  2 two-headed ogres (D:8)
  The ghost of zuik the Chopper, an amateur HOFi (D:4)
  2 yaks (D:8)
  Eustachio (D:5)
  A hungry ghost (D:2)
  Edmund (D:5)
  2 water moccasins (Lair:1)
  Duvessa (D:4)
  2 orc warriors
  3 ice beasts (IceCv)
  A black bear (D:8)
  A phantom (D:7)
  5 ogres
  2 centaurs
  4 bullfrogs
  3 big kobolds
  3 scorpions
  Dowan (D:4)
  9 killer bees
  A howler monkey (D:8)
  3 crimson imps
  A quasit (D:8)
  A hound (D:8)
  8 orc priests
  A jelly (D:5)
  2 orc wizards
  A centaur skeleton (D:9)
  4 iguanas
  6 worker ants
  A big kobold zombie (Ossuary)
  3 hound skeletons
  4 mummies
  13 adders
  A shadow imp (D:8)
  3 oozes
  2 adder skeletons (D:8)
  7 adder zombies
  4 dart slugs
  4 leopard geckos
  33 orcs
  3 ball pythons
  4 giant cockroaches
  A gnoll zombie (Ossuary)
  10 hobgoblins
  3 jackals (D:7)
  4 quokkas
  11 bats
  10 frilled lizards
  11 goblins
  6 goblin zombies
  A jackal skeleton (D:4)
  28 kobolds
  A leopard gecko zombie (D:9)
  2 orc zombies
  A quokka skeleton (D:4)
  4 quokka zombies (Ossuary)
  11 rats
  A rat zombie (Ossuary)
260 creatures vanquished.

Notes
Turn   | Place    | Note
-------+----------+-------------------------------------------
     0 | D:1      | Naridas the Tengu Air Elementalist began the quest for the Orb.
     0 | D:1      | Reached XP level 1. HP: 10/10 MP: 4/4
   310 | D:1      | Reached XP level 2. HP: 15/15 MP: 3/6
   400 | D:1      | Reached skill level 5 in Air Magic
   404 | D:1      | Learned a level 2 spell: Swiftness
   807 | D:1      | Reached XP level 3. HP: 19/19 MP: 5/7
  1481 | D:2      | Found a white marble altar of Elyvilon.
  1553 | D:2      | Reached skill level 6 in Air Magic
  2061 | D:2      | Found a faded altar of an unknown god.
  2066 | D:2      | Reached XP level 4. HP: 24/24 MP: 3/8
  2412 | D:2      | Noticed a hungry ghost
  2439 | D:2      | Learned a level 4 spell: Airstrike
  2463 | D:3      | Found a glowing golden altar of the Shining One.
  2533 | D:3      | Found a glowing drain.
  2548 | D:4      | Noticed zuik's ghost (amateur HOFi)
  2563 | Sewer    | Entered a sewer
  2851 | Sewer    | Noticed a big kobold
  2858 | Sewer    | Killed a big kobold
  2858 | Sewer    | Reached skill level 7 in Air Magic
  2858 | Sewer    | Gained mutation: You can fly. [Tengu growth]
  2858 | Sewer    | Reached XP level 5. HP: 28/28 MP: 1/9
  2939 | Sewer    | Found a white marble altar of Elyvilon.
  3983 | D:2      | Killed a hungry ghost
  3983 | D:2      | Reached skill level 8 in Air Magic
  3983 | D:2      | Reached XP level 6. HP: 31/32 MP: 0/10
  4269 | D:4      | Reached skill level 9 in Air Magic
  4302 | D:4      | Noticed Duvessa
  4302 | D:4      | Noticed Dowan
  4695 | D:4      | Found a deep blue altar of Sif Muna.
  4697 | D:4      | Found a hazy altar of Hepliaklqana.
  4774 | D:4      | Found a bloodstained altar of Trog.
  4774 | D:4      | Found an opulent altar of Gozag.
  5022 | D:4      | Killed Dowan
  5398 | D:4      | Reached XP level 7. HP: 36/36 MP: 7/12
  6003 | D:5      | Entered Level 5 of the Dungeon
  6130 | D:5      | Noticed Eustachio
  6148 | D:5      | Killed Eustachio
  6424 | D:5      | Noticed Edmund
  6578 | D:5      | Reached skill level 5 in Spellcasting
  7004 | D:5      | Reached XP level 8. HP: 41/41 MP: 8/17
  7251 | D:5      | Learned a level 3 spell: Confuse
  7258 | D:5      | Reached skill level 1 in Hexes
  7462 | D:4      | Killed zuik's ghost
  7706 | D:4      | Killed Duvessa
  8512 | D:5      | Killed Edmund
  8764 | D:6      | Found a sacrificial altar of Ru.
  8887 | D:6      | Found a sand-covered staircase.
  8952 | Ossuary  | Entered an ossuary
  9359 | Ossuary  | Reached skill level 1 in Short Blades
  9845 | D:6      | Reached XP level 9. HP: 45/45 MP: 0/18
 10392 | D:6      | Found a burning altar of Makhleb.
 10418 | D:6      | Reached skill level 1 in Fighting
 10983 | D:7      | Found a sparkling altar of Nemelex Xobeh.
 11279 | D:7      | Found a staircase to the Ecumenical Temple.
 11288 | Temple   | Entered the Ecumenical Temple
 11414 | Temple   | Became a worshipper of Vehumet
 12042 | D:8      | Noticed a two-headed ogre
 12704 | D:8      | Noticed a lindwurm
 12709 | D:8      | Noticed a lindwurm
 12709 | D:8      | Noticed a lindwurm
 13058 | D:8      | Reached skill level 1 in Shields
 13237 | D:8      | Noticed a two-headed ogre
 13257 | D:8      | Killed a two-headed ogre
 13257 | D:8      | Reached skill level 5 in Shields
 13257 | D:8      | Reached XP level 10. HP: 56/56 MP: 1/19
 13510 | D:8      | Killed a two-headed ogre
 13510 | D:8      | Reached skill level 5 in Hexes
 13653 | D:8      | Noticed a lindwurm
 14033 | D:9      | Learned a level 3 spell: Regeneration
 14035 | D:9      | Learned a level 1 spell: Animate Skeleton
 14039 | D:9      | Learned a level 3 spell: Vampiric Draining
 14126 | D:9      | Found Uddemn's Book Emporium.
 14239 | D:9      | Reached skill level 1 in Necromancy
 14479 | D:9      | Noticed a two-headed ogre
 14837 | D:9      | Found a staircase to the Lair.
 14837 | D:9      | Noticed a death yak
 14837 | D:9      | Noticed a death yak
 14837 | D:9      | Noticed a death yak
 14837 | D:9      | Noticed a death yak
 14838 | D:9      | Noticed a death yak
 15710 | D:9      | Reached * piety under Vehumet
 15710 | D:9      | Offered knowledge of Magic Dart by Vehumet.
 15721 | D:9      | Noticed a death yak
 16504 | Lair:1   | Entered Level 1 of the Lair of Beasts
 16617 | Lair:1   | Found a frozen archway.
 16628 | IceCv    | Entered an ice cave
 16751 | IceCv    | Slain by an ice beast

Skill      XL: |  1  2  3  4  5  6  7  8  9 10 |
---------------+-------------------------------+-----
Air Magic      | 5 6 7 8 9 |  9.3
Spellcasting   | 5 6 |  6.8
Hexes          | 3 4 5 |  5.6
Armour         | 4 |  4.0
Short Blades   | 3 4 |  4.4
Fighting       | 4 |  4.0
Shields        | 5 |  5.3
Necromancy     | 4 |  4.1
Dodging        | |  2.7
Stealth        | |  2.6
Conjurations   | |  1.5

Action                   |  1- 3 |  4- 6 |  7- 9 | 10-12 || total
-------------------------+-------+-------+-------+-------++-------
Melee: Unarmed           |     4 |       |       |       ||     4
       Peck              |     5 |     5 |    26 |    15 ||    51
       Dagger            |    14 |       |       |       ||    14
       Kick              |     2 |     7 |    17 |    26 ||    52
       Whip              |       |    20 |       |       ||    20
       Short sword       |       |    12 |   135 |    96 ||   243
 Cast: Shock             |    81 |   125 |   332 |    78 ||   616
       Swiftness         |       |     3 |     2 |     1 ||     6
       Airstrike         |       |     5 |    27 |    24 ||    56
       Confuse           |       |       |    30 |    13 ||    43
       Animate Skeleton  |       |       |       |    12 ||    12
 Abil: Fly               |       |     1 |       |       ||     1
  Use: Scroll            |       |     6 |     6 |     2 ||    14
       Potion            |       |     2 |     4 |     3 ||     9
 Stab: Sleeping          |     1 |     2 |     3 |       ||     6
       Paralysed         |       |       |     1 |       ||     1
       Confused          |       |       |     1 |     4 ||     5
  Eat: Chunk             |     5 |     8 |    11 |     9 ||    33
       Ration            |       |     2 |     5 |     2 ||     9
Armor: Robe              |       |    18 |     1 |       ||    19
       Leather armour    |       |       |    26 |    31 ||    57
Dodge: Dodged            |    13 |    29 |   142 |    84 ||   268
Block: Buckler           |       |       |       |    21 ||    21
